 Dungeon Crawl Stone Soup version 0.18-a0-1721-gc4d1f22 (webtiles) character file.

809 nubinia the Reanimator (level 7, -4/37 HPs)
             Began as a Deep Elf Necromancer on Apr 8, 2016.
             Killed from afar by incide's ghost (21 damage)
             ... with a shard of ice
             ... on level 5 of the Dungeon on Apr 9, 2016.
             The game lasted 01:11:10 (5570 turns).

nubinia the Reanimator (Deep Elf Necromancer)       Turns: 5570, Time: 01:11:11

Health: -4/37      AC:  5    Str:  7    XL:     7   Next: 61%
Magic:  10/20      EV: 14    Int: 21    God:
Gold:   321        SH:  0    Dex: 16    Spells: 6 memorised, 5 levels left

rFire  . . .     SeeInvis .     a - +2 dagger (venom)
rCold  . . .     Gourm    .     D - +2 robe {MR+}
rNeg   . . .     Faith    .     (no shield)
rPois  .         Spirit   .     (no helmet)
rElec  .         Dismiss  .     r - +0 cloak
rCorr  +         Reflect  .     (no gloves)
SustAt .         Harm     .     (no boots)
MR     +....                    (no amulet)
Stlth  +++.......               (no ring)
                                u - ring of resist corrosion

@: somewhat resistant to hostile enchantments, fairly stealthy
A: strong 1
a: no special abilities


You were on level 5 of the Dungeon.
You were not hungry.

You visited 1 branch of the dungeon, and saw 5 of its levels.

You collected 321 gold pieces.

Inventory:

Hand Weapons
 a - a +2 dagger of venom (weapon)
 b - a +0 blowgun
 s - a +0 falchion of draining
Missiles
 t - 25 poisoned needles
 z - 5 needles of sleeping
Armour
 i - a +0 robe
 n - a troll hide
 r - a +0 cloak (worn)
 y - a cursed -2 leather armour
 D - a +2 robe of magic resistance (worn)
Magical Staves
 C - an uncursed staff of poison
Jewellery
 u - a ring of resist corrosion (left hand)
Wands
 x - a wand of lightning (8/15)
Scrolls
 d - a scroll of teleportation
 g - 2 scrolls of recharging
 h - a scroll of fear {unknown}
 k - 2 scrolls of blinking
 q - 2 scrolls of remove curse
 w - a scroll of fog {unknown}
Potions
 e - 2 potions of agility
 j - 2 potions of brilliance
 l - a potion of mutation
 A - a potion of haste
 B - a potion of flight
Books
 o - a book of Unlife

   Spells                             Type                      Level
   a - Recall                         Summoning/Translocation      3
   b - Animate Dead                   Necromancy                   4
   c - Control Undead                 Necromancy                   4
   d - Cigotuvi's Embrace             Necromancy                   5
   e - Death Channel                  Necromancy                   6
   f - Simulacrum                     Ice/Necromancy               6
 v - a book of Necromancy

   Spells                             Type                      Level
   a - Pain                           Necromancy                   1
   b - Animate Skeleton               Necromancy                   1
   c - Vampiric Draining              Necromancy                   3
   d - Regeneration                   Charms/Necromancy            3
   e - Animate Dead                   Necromancy                   4
   f - Control Undead                 Necromancy                   4
Comestibles
 c - 3 bread rations
 m - 2 royal jellies
 p - a meat ration


   Skills:
 + Level 0.8 Fighting
 + Level 0.4 Short Blades
 + Level 1.3 Throwing
 + Level 3.9 Dodging
 + Level 3.5 Stealth
 + Level 7.5 Spellcasting
 + Level 8.0 Necromancy


You had 5 spell levels left.
You knew the following spells:

 Your Spells              Type           Power        Failure   Level  Hunger
a - Pain                  Necr           ####         1%          1    None
b - Vampiric Draining     Necr           #####.....   1%          3    None
C - Control Undead        Necr           #####.....   3%          4    ###....
D - Animate Dead          Necr           N/A          3%          4    ###....
R - Regeneration          Chrm/Necr      ###.......   6%          3    None
S - Animate Skeleton      Necr           N/A          1%          1    None


Dungeon Overview and Level Annotations

Branches:
Dungeon (5/15)
 Temple: D:4-7

Altars:
Dithmenos
Gozag
Nemelex Xobeh
Qazlal
Ru
Trog
Vehumet
Xom

Annotations:
D:3 incide's ghost, amateur MfWz
D:4 Dowan; Duvessa
D:5 incide's ghost, novice MfIE


Innate Abilities, Weirdness & Mutations

Your muscles are strong. (Str +2)


Message History

Attack!
Incide's ghost casts a spell at Prince Ribbit.
The shard of ice hits Prince Ribbit.
Prince Ribbit dies!
Your Necromancy skill increases to level 8!
t - 23 poisoned needles (gained 1)
t - 24 poisoned needles (gained 1)
t - 25 poisoned needles (gained 1) Incide's ghost is no longer charmed.
Incide's ghost points at you and mumbles some strange words.
The puff of frost hits you!
Eustachio hits incide's ghost with a rapier.
Incide's ghost casts a spell at you. The puff of frost hits you!
Eustachio barely misses incide's ghost.
Eustachio hits incide's ghost with a rapier.
Incide's ghost points at you and mumbles some strange words.
The shard of ice hits you!
Ouch! That really hurt!
You die...

.#...........#.#.#..............#
.#.......)...#.#.#..#...###......
.#...........#.#.#..............#
.#...........#.#Z#.#Z.#.#.......#
.#...........#...#.W....#........
......###.######.#.#....#.......#
####### #.# ###.####.#.......#
#.# #...# #.#.....#.#
#.######@### #.#...###.#
#......<.# #.#.#.###.# #.########
#.#.......# ### #.#########
#.......... #.######### #.# ###


You could see incide's ghost and the friendly Eustachio the human zombie.

Vanquished Creatures
  Sigmund (D:4)
  An ogre (D:4)
  A scorpion (D:5)
  2 orc priests (D:4)
  Terence (D:3)
  A worker ant (D:5)
  7 adders
  3 gnolls
  An ooze (D:3)
  3 worms
  A dart slug (D:2)
  2 giant geckos
  7 orcs (D:4)
  3 giant cockroaches
  10 goblins
  3 hobgoblins (D:1)
  9 jackals
  7 kobolds
  5 quokkas
  A ball python (D:3)
  6 bats
  3 giant newts
  10 rats
88 creatures vanquished.

Vanquished Creatures (collateral kills)
  Prince Ribbit (D:5)
  Eustachio (D:5)
  A worker ant (D:4)
  A goblin (D:1)
  A jackal (D:1)
  A giant newt (D:3)
  A kobold (D:3)
  A rat (D:1)
8 creatures vanquished.

Grand Total: 96 creatures vanquished

Notes
Turn   | Place    | Note
--------------------------------------------------------------
     0 | D:1      | nubinia the Deep Elf Necromancer began the quest for the Orb.
     0 | D:1      | Reached XP level 1. HP: 10/10 MP: 6/6
     2 | D:1      | Learned a level 1 spell: Animate Skeleton
    76 | D:1      | Reached skill level 5 in Necromancy
   359 | D:1      | Reached XP level 2. HP: 9/15 MP: 2/8
  1324 | D:2      | Reached XP level 3. HP: 3/19 MP: 3/10
  1329 | D:2      | Learned a level 3 spell: Vampiric Draining
  1333 | D:2      | Learned a level 3 spell: Regeneration
  1619 | D:2      | Noticed Sigmund
  1628 | D:2      | Found a sparkling altar of Nemelex Xobeh.
  1711 | D:2      | Found an opulent altar of Gozag.
  2085 | D:2      | Found a radiant altar of Vehumet.
  2085 | D:2      | Found a shimmering altar of Xom.
  2456 | D:3      | Reached XP level 4. HP: 24/24 MP: 10/12
  2749 | D:3      | Found a bloodstained altar of Trog.
  2749 | D:3      | Noticed Terence
  2758 | D:3      | Killed Terence
  2835 | D:3      | Reached skill level 6 in Necromancy
  2929 | D:3      | Learned a level 4 spell: Animate Dead
  2933 | D:3      | Reached XP level 5. HP: 27/28 MP: 11/14
  2973 | D:3      | Reached skill level 5 in Spellcasting
  3171 | D:3      | Found a shadowy altar of Dithmenos.
  3251 | D:3      | Found a stormy altar of Qazlal.
  3295 | D:3      | Noticed incide's ghost (amateur MfWz)
  3362 | D:3      | Found a sacrificial altar of Ru.
  3816 | D:4      | Gained mutation: Your muscles are strong. (Str +2) [potion of beneficial mutation]
  3826 | D:4      | Noticed Dowan
  3829 | D:4      | Noticed Duvessa
  3892 | D:5      | Entered Level 5 of the Dungeon
  4024 | D:5      | Upgraded the game from 0.18-a0-1718-g40ea4b6 to 0.18-a0-1721-gc4d1f22
  4073 | D:5      | Noticed incide's ghost (novice MfIE)
  4153 | D:4      | You fall through a shaft!
  4347 | D:5      | Reached XP level 6. HP: 29/33 MP: 12/17
  4388 | D:5      | Learned a level 4 spell: Control Undead
  5041 | D:4      | Killed Sigmund
  5041 | D:4      | Reached skill level 7 in Necromancy
  5041 | D:4      | Reached XP level 7. HP: 25/37 MP: 5/19
  5251 | D:4      | Reached skill level 1 in Throwing
  5359 | D:5      | Noticed Eustachio
  5549 | D:5      | Killed Eustachio
  5553 | D:5      | Noticed Prince Ribbit
  5553 | D:5      | Killed Prince Ribbit
  5553 | D:5      | Reached skill level 8 in Necromancy
  5570 | D:5      | Killed from afar by incide's ghost

Vault maps used:
D:1:      minmay_arrival_radiant_lines, roderic_digamma_sauvastika
D:2:      lemuel_crystal_altar, gammafunk_temple_overflow_elements,
          nemelex_spade_bored_becter, uniq_sigmund
D:3:      lemuel_round_altar, bloody_trog, grunt_dithmenos_smoke,
          lemuel_doored_altar, uniq_terence
D:4:      first_bread, lemuel_another_geyser, uniq_duvessa
D:5:      uniq_eustachio, uniq_prince_ribbit1

Skill      XL: |  1  2  3  4  5  6  7 |
---------------+----------------------+-----
Necromancy     | 5 6 7 8 |  8.0
Spellcasting   | 4 6 7 |  7.5
Dodging        | 3 |  3.9
Stealth        | 3 |  3.5
Throwing       | 1 |  1.3
Fighting       | |  0.8
Short Blades   | |  0.4

Action                   |  1- 3 |  4- 6 |  7- 9 || total
-------------------------+-------+-------+-------++-------
Melee: Dagger            |    79 |    52 |     7 ||   138
 Fire: Blowgun           |       |     8 |     7 ||    15
 Cast: Pain              |    32 |    31 |     8 ||    71
       Animate Skeleton  |    22 |     7 |     1 ||    30
       Regeneration      |     1 |     2 |       ||     3
       Vampiric Draining |       |    22 |     1 ||    23
       Animate Dead      |       |     8 |     2 ||    10
       Control Undead    |       |       |     2 ||     2
  Use: Scroll            |     3 |     6 |     1 ||    10
       Potion            |     1 |     1 |       ||     2
 Stab: Sleeping          |     3 |     7 |       ||    10
       Distracted        |     1 |       |     1 ||     2
  Eat: Chunk             |     6 |    10 |     2 ||    18
